 Dungeon Crawl Stone Soup version 0.19.1 (webtiles) character file.

2868 Yurafenix the Fighter (level 9, -1/82 HPs)
             Began as a Minotaur Fighter on Dec 5, 2016.
             Slain by Erica
             ... wielding a +2 scimitar of flaming
              (7 damage)
             ... on level 8 of the Dungeon.
             The game lasted 00:45:43 (6436 turns).

Yurafenix the Fighter (Minotaur Fighter)            Turns: 6436, Time: 00:45:43

Health: -1/82      AC: 21    Str: 22    XL:     9   Next: 47%
Magic:  8/8        EV:  5    Int:  5    God:
Gold:   435        SH: 11    Dex: 12    Spells: 0 memorised, 8 levels left

rFire  . . .     SeeInvis .     a - +0 long sword
rCold  . . .     Gourm    .     v - +1 plate armour
rNeg   . . .     Faith    .     c - +0 shield
rPois  .         Spirit   .     (helmet restricted)
rElec  .         Reflect  .     (no cloak)
rCorr  +         Harm     .     n - +0 pair of gloves
MR     .....                    u - +0 pair of boots
Stlth  ..........               (no amulet)
                                y - +4 ring of protection
                                G - ring of resist corrosion

@: slowed, very slow
A: retaliatory headbutt, horns 2
a: no special abilities


You were on level 8 of the Dungeon.
You were not hungry.

You visited 1 branch of the dungeon, and saw 8 of its levels.

You collected 570 gold pieces.
You spent 135 gold pieces at shops.

Inventory:

Hand Weapons
 a - a +0 long sword (weapon)
Armour
 b - a +0 scale mail
 c - a +0 shield (worn)
 n - a +0 pair of gloves (worn)
 u - a +0 pair of boots (worn)
 v - a +1 plate armour (worn)
 B - a +0 pair of gloves
Jewellery
 o - an uncursed ring of protection from cold
 y - a +4 ring of protection (right hand)
 E - an uncursed ring of protection from cold
 F - an uncursed ring of positive energy
 G - a ring of resist corrosion (left hand)
Wands
 H - a wand of disintegration (14/24)
 I - a wand of disintegration (13/24)
 L - a wand of flame (16/48)
 N - a wand of lightning (8/15)
 O - a wand of teleportation (2/9)
Scrolls
 e - a scroll of amnesia {unknown}
 i - 7 scrolls of identify
 k - 3 scrolls of remove curse
 p - a scroll of fog {unknown}
 r - a scroll of enchant weapon {unknown}
 x - 3 scrolls of teleportation
 A - a scroll of magic mapping
 J - a scroll of recharging {unknown}
 K - a scroll of vulnerability {unknown}
 Q - a scroll of immolation {unknown}
Potions
 d - a potion of might
 j - 4 potions of curing
 l - a potion of cure mutation
 m - a potion of cancellation {unknown}
 q - 2 potions of haste
 s - a potion of brilliance {unknown}
 t - 2 potions of lignification
 C - a potion of agility {unknown}
 D - a potion of magic {unknown}
 P - a potion of ambrosia {unknown}
Books
 z - a book of Misfortune

   Spells                             Type                      Level
   a - Confusing Touch                Hexes                        1
   b - Confuse                        Hexes                        3
   c - Gell's Gravitas                Hexes/Translocation          3
   d - Petrify                        Transmutation/Earth          4
   e - Metabolic Englaciation         Hexes/Ice                    5
   f - Yara's Violent Unravelling     Hexes/Transmutation          5
Comestibles
 f - 2 bread rations
 g - 3 fruits
 h - a beef jerky
 w - 2 meat rations
 M - a slice of pizza


   Skills:
 + Level 8.7 Fighting
 + Level 8.3 Long Blades
 + Level 8.7 Armour
 + Level 8.6 Shields


You had 8 spell levels left.
You didn't know any spells.

Dungeon Overview and Level Annotations

Branches:
Dungeon (8/15)             Temple (0/1) D:7
   Lair: D:8-11

Altars:
Makhleb
Nemelex Xobeh
Okawaru
Zin

Shops:
D:6 [

Annotations:
D:6 Prince Ribbit
D:8 Erica


Innate Abilities, Weirdness & Mutations

You reflexively headbutt those who attack you in melee.
You have a pair of horns on your head.


Message History

You bump into the rock wall.
Something hits you. Something burns you.
You bump into the rock wall.
You hear some strange, mumbled words.
You are more confused.
You closely miss something. Something hits you but does no damage.
You completely miss something. Your headbutt misses something.
You miss something.
You hear some strange, mumbled words.
Something tries to affect you, but you resist.
You hear some strange, mumbled words.
You feel yourself slow down.
You bump into the rock wall.
You hear some strange, mumbled words.
A bolt of poison appears from out of thin air!
The bolt of poison hits you!
You are poisoned.
* * * LOW HITPOINT WARNING * * *
Unknown command.
You feel better. Something hits you!
You die...

####### #.# #.# #
..... #.# #.# #
..... .. #.# # .$.
#.# # ... #.# #
#.# #(# # #.# ..#
# #.# #
#.###@###### #
#..........# #
#####.####.# # #.#
#.# #.# #.#
######### .=. #.#
#........
..#.##.###.#######
.###.............#
. ####.###.####.#


There were no monsters in sight!

Vanquished Creatures
  Grinder (D:6)
  3 yaks (D:6)
  Menkaure (D:7)
  Edmund (D:4)
  An ice beast (D:5)
  A sky beast (D:7)
  A black bear (D:7)
  A necrophage (D:8)
  2 centaurs
  2 ogres
  2 bullfrogs (D:8)
  2 scorpions
  4 killer bees (D:7)
  A howler monkey (D:6)
  3 crimson imps
  A bullfrog zombie (D:7)
  A jelly (D:7)
  5 hounds
  A centaur skeleton (D:7)
  An orc priest (D:3)
  6 orc wizards
  4 worker ants
  A hound skeleton (D:5)
  A howler monkey zombie (D:7)
  Robin (D:3)
  3 gnolls (D:8)
  8 adders
  3 adder skeletons
  3 dart slugs
  5 leopard geckos
  13 orcs
  3 ball pythons
  3 giant cockroaches
  12 goblins
  9 hobgoblins
  6 jackals (D:3)
  4 quokkas
  5 bats
  A frilled lizard (D:3)
  5 kobolds
  A leopard gecko skeleton (D:4)
  12 rats
144 creatures vanquished.

Notes
Turn   | Place    | Note
-------+----------+-------------------------------------------
     0 | D:1      | Yurafenix the Minotaur Fighter began the quest for the Orb.
     0 | D:1      | Reached XP level 1. HP: 19/19 MP: 0/0
   280 | D:1      | Reached XP level 2. HP: 27/27 MP: 1/1
   638 | D:2      | Reached XP level 3. HP: 25/33 MP: 2/2
   927 | D:2      | Found a burning altar of Makhleb.
  1196 | D:3      | Reached XP level 4. HP: 40/41 MP: 3/3
  1522 | D:3      | Noticed Robin
  1525 | D:3      | Reached XP level 5. HP: 23/47 MP: 4/4
  1563 | D:3      | Reached skill level 5 in Fighting
  2104 | D:3      | Reached skill level 5 in Shields
  2127 | D:3      | Killed Robin
  2205 | D:4      | Reached skill level 5 in Armour
  2205 | D:4      | Reached XP level 6. HP: 56/56 MP: 5/5
  2242 | D:4      | Noticed Edmund
  2256 | D:4      | Killed Edmund
  3171 | D:4      | Reached skill level 5 in Long Blades
  3171 | D:4      | Reached XP level 7. HP: 23/63 MP: 6/6
  3875 | D:5      | Entered Level 5 of the Dungeon
  4122 | D:5      | Reached XP level 8. HP: 38/71 MP: 7/7
  4535 | D:6      | Noticed Prince Ribbit
  4585 | D:6      | Found Daet's Antique Armour Shoppe.
  4588 | D:6      | Bought a pair of boots for 135 gold pieces
  4726 | D:6      | Noticed Grinder
  4740 | D:6      | Paralysed by Grinder for 5 turns
  4748 | D:6      | Killed Grinder
  4967 | D:6      | Found a sparkling altar of Nemelex Xobeh.
  5228 | D:7      | Reached XP level 9. HP: 55/81 MP: 8/8
  5646 | D:7      | Found an iron altar of Okawaru.
  5891 | D:7      | Found a staircase to the Ecumenical Temple.
  5892 | D:7      | Noticed Menkaure
  5904 | D:7      | Killed Menkaure
  6163 | D:8      | Found a glowing silver altar of Zin.
  6405 | D:8      | Noticed Erica
  6435 | D:8      | HP: 1/81 [something/bolt of poison (29)]
  6436 | D:8      | Slain by Erica

Skill      XL: |  1  2  3  4  5  6  7  8  9 |
---------------+----------------------------+-----
Fighting       | 4 5 6 8 |  8.7
Shields        | 4 5 6 7 8 |  8.6
Long Blades    | 3 4 5 7 8 |  8.3
Armour         | 4 5 6 7 8 |  8.7

Action                   |  1- 3 |  4- 6 |  7- 9 || total
-------------------------+-------+-------+-------++-------
Melee: Long sword        |    85 |   156 |   292 ||   533
       Headbutt          |    13 |    32 |    61 ||   106
  Use: Scroll            |       |    10 |     1 ||    11
       Potion            |       |     1 |     4 ||     5
  Eat: Bread ration      |     1 |       |     1 ||     2
       Fruit             |       |     1 |     5 ||     6
       Meat ration       |       |     1 |       ||     1
       Royal jelly       |       |       |     1 ||     1
Armor: Scale mail        |    30 |       |       ||    30
       Plate armour      |    12 |   117 |   190 ||   319
Dodge: Dodged            |    21 |    32 |    58 ||   111
Block: Shield            |    50 |   124 |   153 ||   327
       Rpst.: Long sword |     4 |    12 |    11 ||    27
